 Dungeon Crawl Stone Soup version 0.27-b1-2-g8387495791 (webtiles) character file.

Game seed: 12197448026662002280

55 vvl the Skirmisher (level 3, -6/29 HPs)
             Began as a Demonspawn Fighter on July 26, 2021.
             Mangled by Sigmund (8 damage)
             ... on level 3 of the Dungeon.
             The game lasted 00:04:09 (2209 turns).

vvl the Skirmisher (Demonspawn Fighter)             Turns: 2209, Time: 00:04:10

Health: -6/29      AC:  5    Str: 17    XL:     3   Next: 67%
Magic:  4/4        EV:  8    Int:  9    God:
Gold:   132        SH:  9    Dex: 12    Spells: 3/3 levels left

rFire    . . .     SeeInvis .   a - +0 long sword
rCold    . . .     Faith    .   c - +0 kite shield
rNeg     . . .     Spirit   .   f - +0 ring mail
rPois    .         Reflect  .   (no helmet)
rElec    .         Harm     .   (no cloak)
rCorr    .         Rampage  .   (no gloves)
Will     .....                  (no boots)
Stlth    +.........             (no amulet)
HPRegen  0.09/turn              (no ring)
MPRegen  0.09/turn              (no ring)

@: mighty
A: demonic guardian 1
a: no special abilities


You were on level 3 of the Dungeon.
You visited 1 branch of the dungeon, and saw 3 of its levels.

You collected 132 gold pieces.

Inventory:

Hand Weapons
 a - a +0 long sword (weapon)
Armour
 c - a +0 kite shield (worn)
 f - a +0 ring mail (worn)
Magical Staves
 b - a staff of earth
 m - a staff of conjuration
Scrolls
 e - a scroll of identify {unknown}
 h - 2 scrolls of vulnerability {unknown}
 k - a scroll of magic mapping {unknown}
 l - 3 scrolls of teleportation {unknown}
Potions
 g - a potion of ambrosia {unknown}
 i - a potion of degeneration {unknown}
 j - a potion of resistance {unknown}


   Skills:
 + Level 3.2 Fighting
 + Level 2.1 Long Blades
 + Level 2.9 Armour
 + Level 3.0 Shields
 + Level 0.5 Unarmed Combat
 + Level 0.7 Spellcasting
 + Level 0.9 Transmutations
 + Level 0.6 Earth Magic


You had 3 spell levels left.
You didn't know any spells.
Your spell library contained the following spells:

 Spells                   Type           Power      Damage    Failure   Level
 Freeze                   Ice            0%         1d3       97%         1
 Slow                     Hex            0%         N/A       99%         2
 Confusing Touch          Hex            0%         N/A       100%        3
 Frozen Ramparts          Ice            0%         1d2       100%        3
 Hailstorm                Conj/Ice       0%         3d3       100%        4
 Leda's Liquefaction      Hex/Erth       0%         N/A       100%        4
 Bolt of Magma            Conj/Fire/Erth 0%         4d4       100%        5
 Yara's Violent Unravell  Hex/Tmut       0%         3d3       100%        5
 Statue Form              Tmut/Erth      0%         N/A       100%        6


Dungeon Overview and Level Annotations

Branches:
Dungeon (3/15)

Altars:

Annotations:
D:3 Sigmund


Innate Abilities, Weirdness & Mutations

A weak demonic guardian rushes to your aid.


Message History

* * * LOW HITPOINT WARNING * * *
The bat hits you.
* * * LOW HITPOINT WARNING * * *
You see here 8 sling bullets.
You block the bat's attack.
There is a stone staircase leading up here.
The bat hits you but does no damage.
You climb upwards.
There is a stone staircase leading down here.
You start resting.
HP restored.
You feel very mighty all of a sudden.
You climb downwards.
Level annotation: Sigmund The bat hits you but does no damage.
Sigmund hits you from afar with a +0 scythe!
Sigmund mumbles some strange words.
Sigmund flickers and vanishes!
Deactivating autopickup; reactivate with Ctrl-A.
There is a stone staircase leading up here.
The bat barely misses you.
You riposte.
You barely miss the bat. Something hits you.
You see here 8 sling bullets.
You miss something. The bat barely misses you.
You riposte.
You slash the bat!
You kill the bat!
You block something's attack.
You barely miss something. Something hits you! Something hits you.
* * * LOW HITPOINT WARNING * * *
A demonic guardian appears!
You closely miss something.
You hear some strange, mumbled words.
A magic dart appears from out of thin air!
The magic dart hits you.
* * * LOW HITPOINT WARNING * * *
You hear some strange, mumbled words.
A puff of flame appears from out of thin air!
You block the puff of flame.
There is a stone staircase leading up here.
Something hits you!
You die...

### #### .. ....
###.##..#
#.......# #.#.@#
##.#.5#######
#.....{.....# ####
#..#..#####.#
.......#..#####.##
#..#. ##รท.......#
##.... #.#####..#
##.....###.#
#.....5.##.#####.


You could see a friendly quasit (summoned).

Vanquished Creatures
  A gnoll (D:1)
  A dart slug (D:2)
  7 endoplasms
  3 giant cockroaches (D:2)
  2 goblins
  A quokka (D:2)
  7 ball pythons
  4 bats
  4 frilled lizards
  4 kobolds
  4 rats
38 creatures vanquished.

Vanquished Creatures (collateral kills)
  A goblin (D:1)
  A hobgoblin (D:1)
  2 quokkas
4 creatures vanquished.

Grand Total: 42 creatures vanquished

Notes
Turn   | Place    | Note
-------+----------+-------------------------------------------
     0 | D:1      | vvl the Demonspawn Fighter began the quest for the Orb.
     0 | D:1      | Reached XP level 1. HP: 18/18 MP: 1/1
   178 | D:1      | Found a faded altar of an unknown god.
   358 | D:1      | Gained mutation: A weak demonic guardian rushes to your
                  | aid. [demonic ancestry]
   358 | D:1      | Reached XP level 2. HP: 22/24 MP: 2/2
  1083 | D:2      | Reached XP level 3. HP: 20/29 MP: 3/3
  1916 | D:3      | Noticed Sigmund
  2207 | D:3      | HP: 1/29 [something/magic dart (2)]
  2209 | D:3      | Mangled by Sigmund

Illustrated notes

Levels and vault maps discovered:
D:1:      zaba_arrival_water, layout_rooms, basic_ecumenical_altar
D:2:      layout_rooms
D:3:      layout_loops_ring, mainiacjoe_overflow_catwalk, minmay_mini_jars,
          uniq_sigmund, uniq_ijyb

Skill      XL: |  1  2  3 |
---------------+----------+-----
Long Blades    | 2 |  2.1
Shields        | 3 |  3.0
Fighting       | |  3.2
Armour         | |  2.9
Unarmed Combat | |  0.5
Spellcasting   | |  0.7
Transmutations | |  0.9
Earth Magic    | |  0.6

Action                   || total
-------------------------++-------
Melee: Long sword        ||   125
  Use: Potion            ||     1
Armor: Scale mail        ||    43
       Ring mail         ||    35
Dodge: Dodged            ||    45
Block: Kite shield       ||    71
       Rpst.: Long sword ||    13
